 Dungeon Crawl Stone Soup version 0.29-a0-474-gdfe5cd140f (webtiles) character file.

Game seed: 6462260667684516142

48 siradein the Grave Robber (level 3, -6/24 HPs)
             Began as a Demonspawn Necromancer on May 24, 2022.
             Mangled by Robin
             ... wielding a +0 dagger of electrocution
              (13 damage)
             ... on level 2 of the Dungeon.
             The game lasted 00:06:23 (1770 turns).

siradein the Grave Robber (Demonspawn Necromancer)  Turns: 1770, Time: 00:06:25

Health: -6/24      AC:  4    Str:  8    XL:     3   Next: 50%
Magic:  4/7        EV: 12    Int: 18    God:
Gold:   24         SH:  0    Dex: 13    Spells: 3/7 levels left

rFire   . . .      SeeInvis .   c - +0 whip
rCold   . . .      Faith    .   (no shield)
rNeg    . . .      Spirit   .   a - +0 robe
rPois   .          Reflect  .   (no helmet)
rElec   .          Harm     .   (no cloak)
rCorr   .          Rampage  .   (no gloves)
Will    .....                   (no boots)
Stlth   ++........              (no amulet)
HPRegen 0.08/turn               (no ring)
MPRegen 0.10/turn               (no ring)

@: no status effects
A: slimy green scales 1, ignite blood 1
a: no special abilities


You were on level 2 of the Dungeon.
You visited 1 branch of the dungeon, and saw 2 of its levels.

You collected 24 gold pieces.

Inventory:

Hand Weapons
 c - a +0 whip (weapon)
Armour
 a - a +0 robe (worn)
Scrolls
 d - 2 scrolls of teleportation {unknown}
 f - a scroll of noise {unknown}
 h - a scroll of blinking {unknown}
Potions
 b - a potion of magic
 e - 2 potions of curing {unknown}
 g - a potion of mutation {unknown}


   Skills:
 - Level 1.7 Dodging
 - Level 1.7 Stealth
 + Level 2.9 Spellcasting
 + Level 5.1 Necromancy


You had 3 spell levels left.
You knew the following spells:

 Your Spells              Type           Power      Damage    Failure   Level
a - Necrotize             Necr           84%        1d8       1%          1
b - Vampiric Draining     Necr           21%        2d7       6%          3

Your spell library contained the following spells:

 Spells                   Type           Power      Damage    Failure   Level
 Animate Dead             Necr           21%        N/A       19%         4
 Agony                    Necr           21%        N/A       47%         5


Dungeon Overview and Level Annotations

Branches:
Dungeon (2/15)

Altars:

Annotations:
D:2 Robin


Innate Abilities, Weirdness & Mutations

You are partially covered in slimy green scales. (AC +2)
Your demonic aura sometimes causes spilled blood to erupt in flames.


Message History

The goblin hits your goblin skeleton with a +0 dagger.
Your goblin skeleton misses the goblin.
The goblin barely misses your goblin skeleton.
The goblin hits your goblin skeleton with a +0 dagger.
Your goblin skeleton misses the goblin.
The goblin hits your goblin skeleton with a +0 dagger.
The goblin hits your goblin skeleton with a +0 club.
Your goblin skeleton is destroyed!
Robin says, "Feeling lonely?"
The goblin writhes in agony.
Your goblin skeleton barely misses the goblin.
The goblin hits you with a +0 club.
Your goblin skeleton hits the goblin.
The goblin dies!
You climb upwards.
Your mindless puppet stays behind to rot.
There is a stone staircase leading down here.
You can't see any susceptible monsters within range! (Use Z to cast anyway.)
You can't see any susceptible monsters within range! (Use Z to cast anyway.)
You start resting.
Magic restored.
You start resting.
HP restored.
You climb downwards.
Level annotation: Robin Robin hits you with a +0 dagger of electrocution.
You are electrocuted!!
Ouch! That really hurt!
* * * LOW HITPOINT WARNING * * *
Robin throws the goblin at you! The goblin closely misses you.
There is a stone staircase leading up here.
Casting: Necrotize (safe; 1% risk of failure)
Confirm with . or Enter, or press ? or * to list all spells.
The spell is quite dangerous to miscast (6% risk of failure)!
Continue anyway?
Aiming: Vampiric Draining (quite dangerous; 6% risk of failure)
Press: ? - help, Shift-Dir - straight line, f - Robin
Aim: Robin, wielding a +0 dagger of electrocution, wearing a +0 animal skin and wearing a +0 helmet You draw life force from Robin!
You feel life coursing into your body. Robin hits you but does no damage.
You are electrocuted!
Ouch! That really hurt!
You die...

.... ....
..##### #
##.....## .#
#..#.<..# ..#
#.......#...#
#.<._.#.....
#.....g.#
#..#g@..#
##.....##
#.$..#####
....)..
........
........
........#
.........#


You could see Robin and a goblin.

Vanquished Creatures
  2 dart slugs (D:1)
  A giant cockroach (D:1)
  12 goblins
  3 hobgoblins
  4 jackals (D:1)
  3 kobolds (D:1)
  2 quokkas (D:1)
  2 bats (D:1)
  4 frilled lizards (D:1)
  2 rats (D:1)
35 creatures vanquished.

Vanquished Creatures (collateral kills)
  A goblin (D:2)
  A kobold (D:1)
2 creatures vanquished.

Grand Total: 37 creatures vanquished

Notes
Turn   | Place    | Note
-------+----------+-------------------------------------------
     0 | D:1      | siradein the Demonspawn Necromancer began the quest for the
                  | Orb.
     0 | D:1      | Reached XP level 1. HP: 13/13 MP: 3/3
   193 | D:1      | Gained mutation: Your demonic aura sometimes causes spilled
                  | blood to erupt in flames. [demonic ancestry]
   193 | D:1      | Reached XP level 2. HP: 19/19 MP: 1/5
  1023 | D:1      | Reached skill level 5 in Necromancy
  1023 | D:1      | Gained mutation: You are partially covered in slimy green
                  | scales. (AC +2) [demonic ancestry]
  1023 | D:1      | Reached XP level 3. HP: 24/24 MP: 2/7
  1474 | D:2      | Found a faded altar of an unknown god.
  1479 | D:2      | Learned a level 3 spell: Vampiric Draining
  1486 | D:2      | Noticed Robin
  1770 | D:2      | Mangled by Robin

Illustrated notes

Levels and vault maps discovered:
D:1:      minmay_arrival_stone_box, layout_loops_ring
D:2:      layout_basic, serial_shops, nicolae_square_shop,
          nicolae_ecumenical_pavilion, uniq_robin

Skill      XL: |  1  2 |
---------------+-------+-----
Necromancy     | 5 |  5.1
Dodging        | |  1.7
Stealth        | |  1.7
Spellcasting   | |  2.9

Action                   || total
-------------------------++-------
Melee: Unarmed           ||     8
       Whip              ||    16
 Cast: Necrotize         ||    59
       Vampiric Draining ||     1
Armor: Robe              ||    11
Dodge: Dodged            ||    23

Table legend: (Time is in decaauts)
 A = Elapsed time spent in this place.
 B = Non-inter-level travel time spent in this place.
 C = Inter-level travel time spent in this place.
 D = Time resting spent in this place.
 E = Time spent auto-exploring this place.
 F = Levels seen in this place.
 G = Mean time per level.
                   A        B        C        D        E       F      G
               +--------+--------+--------+--------+--------+-----+--------+
         Total |   1774 |   1755 |     19 |    198 |   1300 |   2 |  887.0 |
       Dungeon |   1774 |   1755 |     19 |    198 |   1300 |   2 |  887.0 |
               +--------+--------+--------+--------+--------+-----+--------+

Top non-repeatable levels by time:
     D:1: 1742 daAuts
     D:2: 32 daAuts
